 Dungeon Crawl Stone Soup version 0.20.1-1-g8b1a95d (webtiles) character file.

81 Inarius the Grave Robber (level 4, 0/32 HPs)
             Began as a Demonspawn Necromancer on July 15, 2017.
             Killed by nerve-wracking pain
             ... invoked by a shadow imp
             ... summoned by Natasha
              (1 damage)
             ... on level 2 of the Dungeon.
             The game lasted 00:04:46 (2304 turns).

Inarius the Grave Robber (Demonspawn Necromancer)   Turns: 2304, Time: 00:04:47

Health: 0/32       AC:  3    Str:  8    XL:     4   Next: 20%
Magic:  7/7        EV: 12    Int: 17    God:
Gold:   90         SH:  0    Dex: 14    Spells: 6/8 levels left

rFire    . . .     SeeInvis .   e - +0 mace
rCold    . . .     Gourm    .   (no shield)
rNeg     . . .     Faith    .   h - +0 leather armour
rPois    .         Spirit   .   (helmet restricted)
rElec    .         Reflect  .   (no cloak)
rCorr    .         Harm     .   (no gloves)
MR       .....                  (no boots)
Stlth    ++........             (no amulet)
Regen    0.1/turn               (no ring)
MPRegen  0.1/turn               (no ring)

@: slowed, very slow
A: horns 1, foul stench 1, rot immunity
a: no special abilities


You were on level 2 of the Dungeon.
You were not hungry.

You visited 1 branch of the dungeon, and saw 2 of its levels.

You collected 90 gold pieces.

Inventory:

Hand Weapons
 e - a +0 mace (weapon)
Armour
 h - a +0 leather armour (worn)
Scrolls
 a - a scroll of identify {unknown}
 m - a scroll of enchant armour {unknown}
Potions
 d - a potion of brilliance {unknown}
 f - 2 potions of curing {unknown}
 i - a potion of flight {unknown}
 j - a potion of degeneration {unknown}
 l - 2 potions of haste {unknown}
Books
 b - a book of Necromancy

   Spells                             Type                      Level
   a - Pain                           Necromancy                   1
   b - Animate Skeleton               Necromancy                   1
   c - Vampiric Draining              Necromancy                   3
   d - Regeneration                   Charms/Necromancy            3
   e - Animate Dead                   Necromancy                   4
   f - Control Undead                 Necromancy                   4
Comestibles
 c - 3 bread rations
 g - a royal jelly
 n - a meat ration


   Skills:
 * Level 1.5 Fighting
 + Level 0.6 Armour
 + Level 2.1 Dodging
 - Level 1.7 Stealth
 - Level 0.3 Unarmed Combat
 + Level 2.5 Spellcasting
 + Level 5.1 Necromancy


You had 6 spell levels left.
You knew the following spells:

 Your Spells              Type           Power        Failure   Level  Hunger
a - Pain                  Necr           ###.         3%          1    #......
b - Animate Skeleton      Necr           N/A          3%          1    #......


Dungeon Overview and Level Annotations

Branches:
Dungeon (2/15)

Altars:

Annotations:
D:2 1 runed door, Natasha


Innate Abilities, Weirdness & Mutations

You have a pair of small horns on your head.
You may emit foul miasma when damaged in melee.
You are immune to rotting.


Message History

Things that are here:
a short sword; a stone; a kobold corpse Natasha barely misses you.
Natasha casts a spell at you. The magic dart hits you!
* * * LOW HITPOINT WARNING * * *
Things that are here:
a dagger; a goblin skeleton The shadow imp shouts, "Run away, thou peeagling nut-hook tiddler!"
There is a stone staircase leading up here.
You see here a stone.
The shadow imp misses you.
There is a stone staircase leading up here.
You see here a stone.
The shadow imp hits you.
* * * LOW HITPOINT WARNING * * *
Natasha misses you. The shadow imp gestures at you.
Pain shoots through your body!
You die...

########## #........# ##
#.#####..## ###.
#.........# #...
#.###.##..##########...
#.# #.##..............#
#.# #.@...........##.##
#.# #.5h..#######.##.#
#.# #<#...# #.##.#
#.###)#...#######.##.#
###....)....#..........#
#...........#.#####.####
#.#.###.#...#.# ##.#
#.#.........#.####..#####
#(......#.#.....>........


You could see Natasha and a shadow imp.

Vanquished Creatures
  Natasha (twice) (D:2)
  A dart slug (D:1)
  A leopard gecko (D:1)
  A giant cockroach (D:1)
  2 goblins
  A hobgoblin (D:1)
  5 jackals
  3 kobolds
  A quokka (D:2)
  8 bats (D:1)
  2 frilled lizards
  5 rats
32 creatures vanquished.

Vanquished Creatures (collateral kills)
  2 giant cockroaches (D:1)
  A jackal (D:1)
3 creatures vanquished.

Grand Total: 35 creatures vanquished

Notes
Turn   | Place    | Note
-------+----------+-------------------------------------------
     0 | D:1      | Inarius the Demonspawn Necromancer began the quest for the Orb.
     0 | D:1      | Reached XP level 1. HP: 13/13 MP: 3/3
    35 | D:1      | Learned a level 1 spell: Animate Skeleton
   468 | D:1      | You fall through a shaft!
   513 | D:2      | Gained mutation: You have a pair of small horns on your head. [demonic ancestry]
   513 | D:2      | Reached XP level 2. HP: 20/20 MP: 3/5
   556 | D:2      | Found a runed door.
   585 | D:2      | Reached skill level 1 in Fighting
  1257 | D:1      | Gained mutation: You are immune to rotting. [demonic ancestry]
  1257 | D:1      | Reached XP level 3. HP: 26/26 MP: 6/6
  1675 | D:2      | Noticed Natasha
  2001 | D:2      | Killed Natasha
  2001 | D:2      | Reached skill level 5 in Necromancy
  2046 | D:2      | Noticed Natasha
  2056 | D:2      | Killed Natasha
  2056 | D:2      | Gained mutation: You may emit foul miasma when damaged in melee. [demonic ancestry]
  2056 | D:2      | Reached XP level 4. HP: 13/32 MP: 2/7
  2295 | D:2      | Noticed Natasha
  2300 | D:2      | HP: 1/32 [Natasha/magic dart (9)]
  2304 | D:2      | Killed from afar by a shadow imp

Skill      XL: |  1  2  3 |
---------------+----------+-----
Fighting       | 1 |  1.5
Dodging        | 2 |  2.1
Necromancy     | 5 |  5.1
Armour         | |  0.6
Stealth        | |  1.7
Unarmed Combat | |  0.3
Spellcasting   | |  2.5

Action                   |  1- 3 |  4- 6 || total
-------------------------+-------+-------++-------
Melee: Unarmed           |    18 |       ||    18
       Mace              |    59 |     4 ||    63
       Headbutt          |     5 |       ||     5
 Cast: Pain              |    25 |     4 ||    29
       Animate Skeleton  |     9 |       ||     9
 Stab: Sleeping          |     5 |       ||     5
  Eat: Chunk             |     3 |       ||     3
       Bread ration      |       |     1 ||     1
Armor: Robe              |    15 |       ||    15
       Leather armour    |    22 |     2 ||    24
Dodge: Dodged            |    80 |    11 ||    91
